 Dungeon Crawl Stone Soup version 0.31-a0-174-g85c54bcb58 (console) character file.

Game seed: 17792915145291847705

3266 jejorda2 the Cleaver (level 9, 0/112 HPs)
             Began as a Pale Draconian Berserker on June 15, 2023.
             Was an Elder of Trog.
             Slain by a steam dragon (3 damage)
             ... on level 8 of the Dungeon.
             The game lasted 00:11:46 (6260 turns).

jejorda2 the Cleaver (Pale Draconian Berserker)     Turns: 6260, Time: 00:11:46

Health: 0/112      AC: 10    Str: 23    XL:     9   Next: 68%
Magic:  9/9        EV: 14    Int:  7    God:    Trog [****..]
Gold:   320        SH:  0    Dex: 12    Spells: 8/8 levels left

rFire   . . .        a - +1 eveningstar (flame)
rCold   . . .        (no shield)
rNeg    . . .        (body armour unavailable)
rPois   .            (helmet restricted)
rElec   .            (no cloak)
rCorr   +            n - +2 pair of gloves
SInv    .            (no boots)
Will    ++...        (no amulet) Stlth
                     d - ring of resist corrosion
HPRegen 1.38/turn    (no ring)
MPRegen 0.11/turn

%: no passive effects
@: berserking, short of breath, strong-willed (expiring), regenerating
(expiring), very quick
A: breathe steam, AC +7, unfitting armour, cold-blooded, steam resistance
a: Breathe Steam, Renounce Religion, Berserk, Trog's Hand, Brothers in Arms


You were on level 8 of the Dungeon.
You worshipped Trog.
Trog was greatly pleased with you.
You visited 1 branch of the dungeon, and saw 8 of its levels.

You collected 320 gold pieces.

Inventory:

Hand Weapons
 a - a +1 eveningstar of flaming (weapon)
 o - a +1 vampiric hand axe
Missiles
 e - 49 stones
 h - 6 poisoned darts
 l - a throwing net
 m - 7 boomerangs
Armour
 n - a +2 pair of gloves (worn)
Jewellery
 d - a ring of resist corrosion (left hand)
Wands
 u - a wand of paralysis (9)
Scrolls
 f - a scroll of enchant armour
 g - a scroll of teleportation
 k - 2 scrolls of blinking
 p - a scroll of brand weapon
Potions
 b - a potion of haste
 c - a potion of berserk rage {unknown}
 i - a potion of curing
 j - 3 potions of lignification
 q - a potion of resistance
 r - a potion of might {unknown}


   Skills:
 - Level 6.0 Fighting
 - Level 11.5(11.7) Axes
 * Level 3.3(8.1) Maces & Flails
 + Level 5.7 Dodging


You had 8 spell levels left.
You didn't know any spells.
Your spell library was empty.

Dungeon Overview and Level Annotations

Branches:
Dungeon (8/15)             Temple (0/1) D:4
   Lair: D:8-11

Altars:
Yredelemnul
Lugonu

Portals:
Abyss: D:3*

Annotations:
D:3 2 transporters, olddryhag's ghost, amateur DsNe
D:8 Grum


Innate Abilities, Weirdness & Mutations

You can breathe blasts of scalding, opaque steam.
Your pale cyan-grey scales are hard. (AC +7)
You cannot fit into any form of body armour.
You are cold-blooded and may be slowed by cold attacks.
You are immune to the effects of steam.


Message History

The manticore is severely wounded.
Grum closely misses you.
You hit the manticore but do no damage.
The manticore is severely wounded.
The manticore closely misses you. The manticore claws you.
The manticore barely misses you. Grum barely misses you.
The manticore bites you! The manticore claws you.
* * * LOW HITPOINT WARNING * * *
The manticore claws you but does no damage.
Grum hits you from afar with a -1 spear.
* * * LOW HITPOINT WARNING * * *
A red film seems to cover your vision as you go berserk!
You feel yourself moving faster!
You feel mighty! The manticore barely misses you.
The manticore claws you but does no damage. x2
Grum hits you from afar with a -1 spear!
* * * LOW HITPOINT WARNING * * *
You puncture the manticore! You burn the manticore.
You kill the manticore!
Trog accepts your kill. The wolf bites you!
* * * LOW HITPOINT WARNING * * *
Your base Maces & Flails skill gained 2 levels and is now at level 3!
Unknown command.
You barely miss the wolf. You tail-slap the wolf.
The wolf is almost dead.
Grum barely misses you. The wolf closely misses you.
You bludgeon the wolf!! You burn the wolf.
You kill the wolf!
Trog accepts your kill.
You feel the effects of Trog's Hand fading.
Grum hits you from afar with a -1 spear.
* * * LOW HITPOINT WARNING * * *
A white imp comes into view.
The white imp shouts, "Out, out, thou puny elf-skinned maggot-pie!"
You sock the steam dragon! You burn the steam dragon.
Your tail-slap misses the steam dragon.
The steam dragon is moderately wounded.
The steam dragon bites you.
You die...

##########
#########.........
#.........########
#.######### #†#
#.# #@# ###### #D#
......## 5.g
......###### .....
##........ #......
..#.....).
#.###..#
#.#.###### #. ..#
#.#.# ## #.
#..####.#.# ###.
..........# #...


You could see Grum, a steam dragon and a white imp.

Vanquished Creatures
  Erica (D:8)
  A manticore (D:8)
  Grinder (D:3)
  3 water moccasins
  An ice beast (D:6)
  2 sky beasts
  2 wolves (D:8)
  A kobold brigand (D:7)
  4 bullfrogs
  3 scorpions
  5 killer bees (D:7)
  A howler monkey (D:5)
  3 hounds
  A gnoll bouda (D:8)
  2 orc priests
  3 iguanas
  4 orc wizards
  7 gnolls
  9 adders
  A shadow imp (D:6)
  A white imp (D:8)
  3 worms
  2 dart slugs
  18 orcs
  10 ball pythons
  A bat (D:1)
  10 endoplasms
  4 giant cockroaches
  8 goblins
  8 hobgoblins
  3 jackals (D:1)
  14 kobolds
  3 quokkas
  5 frilled lizards
  9 rats
  A spectral orc (D:7)
155 creatures vanquished.

Notes
Turn   | Place    | Note
-------+----------+-------------------------------------------
     0 | D:1      | jejorda2 the Draconian Berserker began the quest for the
                  | Orb.
     0 | D:1      | Reached XP level 1. HP: 19/19 MP: 1/1
   143 | D:1      | Reached XP level 2. HP: 26/26 MP: 2/2
   317 | D:1      | Reached ** piety under Trog
   495 | D:1      | Reached XP level 3. HP: 29/33 MP: 3/3
   637 | D:1      | Reached skill level 4 in Axes
  1286 | D:2      | Reached XP level 4. HP: 35/40 MP: 4/4
  1564 | D:3      | Found a transporter.
  1564 | D:3      | Noticed a toenail golem
  1787 | D:3      | Found a one-way gate to the infinite horrors of the Abyss.
  1787 | D:3      | Noticed olddryhag's ghost (amateur DsNe)
  1802 | D:3      | Found a transporter.
  1878 | D:3      | Noticed a small abomination
  1929 | D:3      | Noticed Grinder
  1943 | D:3      | Killed Grinder
  1944 | D:3      | Reached skill level 5 in Fighting
  1944 | D:3      | Reached skill level 6 in Axes
  1944 | D:3      | Reached XP level 5. HP: 48/48 MP: 5/5
  1944 | D:3      | Reached XP level 6. HP: 56/56 MP: 6/6
  2208 | D:3      | Found a large runed translucent door.
  2209 | D:3      | Found a large runed translucent door.
  2216 | D:3      | Found a corrupted altar of Lugonu.
  2224 | D:3      | Reached *** piety under Trog
  3042 | D:4      | Found a staircase to the Ecumenical Temple.
  3166 | D:5      | Entered Level 5 of the Dungeon
  3185 | D:5      | Your scales start taking on a pale cyan-grey colour.
  3185 | D:5      | Reached XP level 7. HP: 60/62 MP: 7/7
  3185 | D:5      | Gained mutation: You are immune to the effects of steam.
                  | [Pale Draconian growth]
  3445 | D:5      | Reached skill level 7 in Axes
  4402 | D:6      | Noticed a steam dragon
  4447 | D:6      | Reached skill level 8 in Axes
  4628 | D:6      | Reached **** piety under Trog
  4629 | D:6      | Reached XP level 8. HP: 70/70 MP: 8/8
  4833 | D:6      | Reached skill level 9 in Axes
  5818 | D:7      | Reached skill level 10 in Axes
  5880 | D:7      | Found a basalt altar of Yredelemnul.
  6120 | D:7      | Reached XP level 9. HP: 75/75 MP: 9/9
  6136 | D:8      | Noticed Erica
  6145 | D:8      | Killed Erica
  6146 | D:8      | Reached skill level 11 in Axes
  6146 | D:8      | Reached skill level 5 in Dodging
  6237 | D:8      | Noticed Grum
  6243 | D:8      | Reached skill level 1 in Maces & Flails
  6244 | D:8      | Noticed a manticore
  6257 | D:8      | Killed a manticore
  6257 | D:8      | HP: 5/112 [wolf[Grum] (8)]
  6259 | D:8      | HP: 2/112 [Grum/-1 spear (5)]
  6260 | D:8      | Slain by a steam dragon

Illustrated notes

Levels and vault maps discovered:
D:1:      scummos_arrival_gate, layout_loops_ring
D:2:      layout_basic
D:3:      due_chaos_kobolds, layout_loops_cross, gammafunk_ghost_abyssal_escape,
          uniq_grinder
D:4:      layout_rooms, minmay_temple_entry_purple_smoke
D:5:      layout_cave_pods
D:6:      layout_layer_cave, nicolae_underground_beach
D:7:      layout_gridville, yredelemnul_forgotten_temple_becter
D:8:      layout_loops_ring, mainiacjoe_overflow_catch_the_wave,
          nicolae_dithmenos_through_a_glass_darkly, uniq_erica, uniq_grum

Skill      XL: |  1  2  3  4  5  6  7  8  9 |
---------------+----------------------------+-----
Axes           | 4 6 8 10 11 | 11.5
Fighting       | 4 5 6 |  6.0
Dodging        | 4 5 |  5.7
Maces & Flails | 3 |  3.3

Action                     |  1- 3 |  4- 6 |  7- 9 || total
---------------------------+-------+-------+-------++-------
  Melee: Hand axe          |   140 |   154 |   186 ||   480
         Tailslap          |    15 |    12 |    27 ||    54
         Punch             |       |     2 |     2 ||     4
         Eveningstar       |       |       |    14 ||    14
 Invoke: Berserk           |     1 |     5 |     6 ||    12
         Trog's Hand       |       |     1 |     2 ||     3
Ability: Breathe Steam     |       |       |     9 ||     9
    Use: Potion            |       |     2 |       ||     2
         Scroll            |       |       |    14 ||    14
 Armour: Skin              |    49 |    48 |    69 ||   166
  Dodge: Dodged            |    77 |    80 |   111 ||   268

Table legend: (Time is in decaauts)
 A = Elapsed time spent in this place.
 B = Non-inter-level travel time spent in this place.
 C = Inter-level travel time spent in this place.
 D = Time resting spent in this place.
 E = Time spent auto-exploring this place.
 F = Levels seen in this place.
 G = Mean time per level.
                   A        B        C        D        E       F      G
               +--------+--------+--------+--------+--------+-----+--------+
         Total |   6364 |   6142 |    222 |    431 |   4609 |   8 |  795.5 |
       Dungeon |   6364 |   6142 |    222 |    431 |   4609 |   8 |  795.5 |
               +--------+--------+--------+--------+--------+-----+--------+

Top non-repeatable levels by time:
     D:6: 1419 daAuts
     D:5: 1000 daAuts
     D:2: 887 daAuts
     D:3: 835 daAuts
     D:1: 827 daAuts
     D:4: 694 daAuts
     D:7: 568 daAuts
     D:8: 130 daAuts
